 Dungeon Crawl Stone Soup version 0.22.1-1-ga44c0e56f4 (webtiles) character file.

155499 izoki the Peltast (level 17, -17/172 HPs)
             Began as a Demonspawn Fighter on Oct 18, 2018.
             Was the Champion of Okawaru.
             Killed from afar by a fire dragon (33 damage)
             ... with a blast of flame
             ... on level 4 of the Swamp on Oct 19, 2018.
             The game lasted 03:13:03 (45135 turns).

izoki the Peltast (Demonspawn Fighter)             Turns: 45135, Time: 03:13:04

Health: -17/172    AC: 35    Str: 27    XL:     17   Next: 8%
Magic:  1/24       EV:  2    Int: 10    God:    Okawaru [******]
Gold:   2652       SH: 23    Dex: 18    Spells: 3/16 levels left

rFire    . . .     SeeInvis .   Y - +8 demon trident "Zoig" {pierce, +Blink rC+ Dex+4}
rCold    + . .     Gourm    .   l - +5 shield {AC+3}
rNeg     + + +     Faith    .   (armour currently unavailable)
rPois    +         Spirit   .   (helmet currently unavailable)
rElec    .         Reflect  +   (cloak currently unavailable)
rCorr    .         Harm     .   (gloves currently unavailable)
MR       +....     NoTele   +   (boots unavailable)
Stlth    ++........             F - +3 amulet of reflection
HPRegen  0.38/turn              V - +4 ring of slaying
MPRegen  0.19/turn              k - +4 ring of protection

@: mighty, tree-form
A: foul stench 1, powered by pain 2, rot immunity
a: Heroism, Finesse, Renounce Religion, Evoke Blink


You were on level 4 of the Swamp.
You worshipped Okawaru.
Okawaru was exalted by your worship.
You were not hungry.
You were a tree.
You visited 5 branches of the dungeon, and saw 28 of its levels.
You also visited: Labyrinth, Bailey and Ice Cave.

You collected 2652 gold pieces.

Inventory:

Hand Weapons
 e - the +2 war axe of Conformity {drain, rF+ rC+ rN+}
   (You found it on level 12 of the Dungeon)

   A truly terrible weapon, it drains the life of those it strikes.
   It protects you from fire.
   It protects you from cold.
   It protects you from negative energy.
 t - a +2 mace of protection
 x - the +7 captain's cutlass {speed, disarm}
   (You took it off a gnoll on level 7 of the Dungeon)

   Attacks with this weapon are significantly faster.
 X - a +3 quick blade
 Y - the +8 demon trident "Zoig" (weapon) {pierce, +Blink rC+ Dex+4}
   (Okawaru gifted it to you on level 1 of the Swamp)

   It inflicts extra damage upon your enemies.
   It affects your dexterity (+4).
   It protects you from cold.
   It lets you blink.
Missiles
 b - 23 tomahawks of returning (quivered)
Armour
 l - a +5 shield of protection (worn)
 p - a scarf of spirit shield (melded)
 q - a +1 pair of gloves (melded)
 y - a +4 chain mail of positive energy (melded)
 O - the +0 shield of Okawaru's Whim {rF- rCorr Dex+3}
   (Okawaru gifted it to you on level 13 of the Dungeon)

   It affects your dexterity (+3).
   It makes you vulnerable to fire.
   It provides partial protection from all sources of acid and corrosion.
Jewellery
 d - a +4 ring of strength
 h - an uncursed ring of protection from fire
 k - a +4 ring of protection (right branch)
 m - an uncursed ring of poison resistance
 F - a +3 amulet of reflection (around neck)
 M - an uncursed ring of fire
 Q - an uncursed ring of ice
 U - an uncursed ring of flight
 V - a +4 ring of slaying (left branch)
Wands
 c - a wand of polymorph (13)
 u - a wand of flame (23)
 v - a wand of enslavement (8)
 B - a wand of random effects (26)
 G - a wand of scattershot (10)
 J - a wand of paralysis (15)
 K - a wand of clouds (12)
 N - a wand of digging (14)
 Z - a wand of acid (18)
Scrolls
 a - 2 scrolls of summoning
 w - 9 scrolls of remove curse
 z - 4 scrolls of identify
 E - 16 scrolls of teleportation
 I - 6 scrolls of enchant weapon
 L - 2 scrolls of immolation
 P - 4 scrolls of amnesia
 R - 2 scrolls of holy word
 T - 4 scrolls of fog
Potions
 g - 5 potions of flight
 i - 6 potions of curing
 j - 3 potions of haste
 n - 2 potions of agility
 o - a potion of mutation
 r - 4 potions of lignification
 s - a potion of resistance
 A - 6 potions of cancellation
 C - 2 potions of brilliance
 D - 5 potions of magic
 W - a potion of might
Miscellaneous
 H - a lightning rod (4/4)
 S - a fan of gales
Comestibles
 f - 15 rations


   Skills:
 + Level 5.4 Fighting
 - Level 11.8 Short Blades
 - Level 13.5(14.1) Axes
 - Level 1.1(9.0) Maces & Flails
 + Level 7.5(11.5) Polearms
 + Level 4.0 Armour
 - Level 0.3 Dodging
 - Level 15.0 Shields
 - Level 7.7 Hexes
 - Level 8.4 Invocations
 - Level 10.4 Evocations


You had 3 spell levels left.
You knew the following spells:

 Your Spells              Type           Power        Failure   Level  Hunger
a - Slow                  Hex            ###.....     2%          2    ###....
b - Controlled Blink      Tloc           N/A          100%        8    #######
c - Inner Flame           Hex/Fire       #.......     24%         3    ####...

Your spell library contained the following spells:

 Spells                   Type           Power        Failure   Level  Hunger
 Confusing Touch          Hex            ###...       1%          1    ##.....
 Corona                   Hex            ###....      1%          1    ##.....
 Dazzling Spray           Conj/Hex       #.....       24%         3    ####...
 Portal Projectile        Hex/Tloc       #.....       24%         3    ####...
 Animate Skeleton         Necr           N/A          36%         1    ##.....
 Apportation              Tloc           #.....       36%         1    ##.....
 Magic Dart               Conj           #...         36%         1    ##.....
 Pain                     Necr           #...         36%         1    ##.....
 Sandblast                Erth           #.....       36%         1    ##.....
 Summon Butterflies       Summ           #.......     36%         1    ##.....
 Summon Small Mammal      Summ           #...         36%         1    ##.....
 Passwall                 Tmut/Erth      #.......     50%         2    ###....
 Searing Ray              Conj           #.....       50%         2    ###....
 Call Canine Familiar     Summ           #.......     75%         3    ####...
 Gell's Gravitas          Tloc           #.........   75%         3    ####...
 Recall                   Summ/Tloc      N/A          75%         3    ####...
 Regeneration             Chrm/Necr      #.........   75%         3    ####...
 Stone Arrow              Conj/Erth      #.....       75%         3    ####...
 Vampiric Draining        Necr           #.........   75%         3    ####...
 Cause Fear               Hex            ###.......   16%         4    #####..
 Fulminant Prism          Conj/Hex       #.........   61%         4    #####..
 Leda's Liquefaction      Hex/Erth       #.........   61%         4    #####..
 Summon Mana Viper        Hex/Summ       #.......     91%         5    ######.
 Animate Dead             Necr           N/A          98%         4    #####..
 Force Lance              Conj/Tloc      #.......     98%         4    #####..
 Iskenderun's Mystic Bla  Conj           #.......     98%         4    #####..
 Petrify                  Tmut/Erth      #.......     98%         4    #####..
 Summon Ice Beast         Ice/Summ       #.......     98%         4    #####..
 Bolt of Magma            Conj/Fire/Erth #.........   100%        5    ######.
 Borgnjor's Vile Clutch   Necr/Erth      #.........   100%        5    ######.
 Lee's Rapid Deconstruct  Erth           #.........   100%        5    ######.
 Death Channel            Necr           #.........   100%        6    #######
 Dispersal                Tloc           #.........   100%        6    #######
 Iron Shot                Conj/Erth      #.........   100%        6    #######
 Simulacrum               Ice/Necr       #.........   100%        6    #######
 Statue Form              Tmut/Erth      #........    100%        6    #######
 Summon Hydra             Summ           #.........   100%        7    #######
 Disjunction              Tloc           #.........   100%        8    #######
 Shatter                  Erth           #.........   100%        9    #######


Dungeon Overview and Level Annotations

Branches:
Dungeon (15/15)            Temple (1/1) D:7            Lair (6/6) D:9
  Swamp (4/4) Lair:2       Spider (0/4) Lair:3        Slime (0/5) Lair:5
    Orc (2/2) D:11         Vaults (0/5) D:14
    Elf: Orc:2       Depths: D:15

Altars:
Ashenzari
Cheibriados
Dithmenos
Elyvilon
Fedhas
Gozag
Hepliaklqana
Kikubaaqudgha
Makhleb
Nemelex Xobeh
Okawaru
Qazlal
Ru
Sif Muna
Trog
Uskayaw
Vehumet
Wu Jian
Xom
Yredelemnul
Zin
The Shining One
Jiyva

Annotations:
D:4 Eustachio
D:11 Josephine
Lair:6 exclusion: 4 oklob plants


Innate Abilities, Weirdness & Mutations

((You have a pair of small antennae on your head.))
((You have very sharp fingernails.))
((You have claws for feet.))
You may emit foul miasma when damaged in melee.
You sometimes gain power by taking damage.
You are immune to rotting.


Message History

Okay, then.
Okay, then.
You turn into a tree.
Your scarf of spirit shield melds into your body.
Your +1 pair of gloves melds into your body.
Your +4 chain mail of positive energy melds into your body.
You feel strangely alone.
You feel less protected from negative energy.
Your roots penetrate the ground.
The five-headed hydra is engulfed in dark miasma.
The five-headed hydra seems to slow down.
The five-headed hydra bites you but does no damage.
The five-headed hydra bites you.
* * * LOW HITPOINT WARNING * * *
You block the five-headed hydra's attack. x2
The five-headed hydra bites you but does no damage.
You feel better. The fire dragon breathes flames at you.
The blast of flame hits you!
You die...

♣♣.≈≈≈≈.♣
♣♣..≈.≈.♣≈♣
♣≈.....♣♣
♣≈.≈.♣♣♣
♣♣♣♣≈≈♣♣
♣♣..♣♣≈♣♣♣
♣≈≈≈..≈≈≈♣♣
♣≈≈≈..≈D≈§♣.≈≈
♣.≈≈.§♣†D≈D≈..
♣≈..♣♣♣♣♣♣♣..§
♣♣♣♣♣ ≈≈ ≈


You could see 2 fire dragons and a five-headed hydra.

Vanquished Creatures
  A thorn hunter (Swamp:3)
  An orc warlord (Bailey)
  A stone giant (D:14)
  5 dire elephants (Lair:6)
  A minotaur (Lab)
  Snorg (Lair:4)
  A catoblepas (D:15)
  14 hydras
  11 alligators
  3 two-headed ogres
  An anaconda (Lair:6)
  7 centaur warriors
  A death knight (D:13)
  6 death yaks (Lair:5)
  Urug (D:13)
  3 tengu warriors
  A skeletal warrior (D:15)
  A spriggan druid (Swamp:2)
  A death drake (Swamp:3)
  A flayed ghost (D:14)
  An unseen horror (shapeshifter) (D:13)
  2 unseen horrors
  2 shambling mangroves
  4 spectral hydras (Swamp:3)
  A deep elf archer (D:14)
  A phantasmal warrior (Swamp:3)
  3 orc knights
  A wizard (D:15)
  A necromancer (Swamp:3)
  3 deep elf magi
  A wolf spider (D:14)
  5 manticores
  15 ugly things
  5 cyclopes
  2 black mambas
  10 elephants
  A torpor snail (Lair:5)
  A molten gargoyle (Lair:3)
  3 rime drakes
  19 spiny frogs
  Psyche (D:10)
  7 komodo dragons
  3 freezing wraiths (D:13)
  4 guardian mummies (D:15)
  5 swamp worm zombies (Swamp:3)
  A meliai (D:15)
  2 tyrant leeches
  8 polar bears
  9 trolls
  9 slime creatures
  8 bog bodies
  3 hornets
  2 alligator zombies (Swamp:3)
  9 dream sheep
  2 spectral swamp dragons (Swamp:3)
  17 blink frogs
  7 shadows
  17 hippogriffs
  A spriggan (Swamp:3)
  6 wraiths
  A vampire (D:14)
  A basilisk (Lair:6)
  41 yaks
  A steam dragon (D:14)
  4 wyverns
  17 vampire mosquitoes
  3 tyrant leech zombies (Swamp:3)
  Menkaure (D:6)
  4 hungry ghosts
  15 insubstantial wisps
  2 acid dragons
  8 spiny frog zombies (Swamp:3)
  3 wargs (Orc:1)
  5 water moccasins
  11 swamp worms
  2 soldier ants
  7 swamp drakes
  4 porcupines
  3 sky beasts
  An eye of draining (D:11)
  9 ice beasts
  A necrophage (D:11)
  14 orc warriors
  3 black bears
  8 boggarts
  A phantom (D:8)
  9 ogres
  36 wolves
  16 crocodiles
  6 centaurs
  18 bullfrogs
  A gnoll sergeant (D:7)
  A wyvern zombie (D:9)
  11 scorpions
  2 wyvern skeletons
  5 troll zombies (Swamp:3)
  A spriggan zombie (Swamp:3)
  A water moccasin skeleton (D:11)
  6 killer bees (D:11)
  3 howler monkeys
  5 wights (D:11)
  6 electric eels
  A centaur zombie (D:5)
  13 crimson imps
  3 bullfrog zombies
  A lava snake (Lair:3)
  2 quasits
  A bullfrog skeleton (D:8)
  6 centaur skeletons
  5 jellies
  8 hounds
  Crazy Yiuf (D:3)
  6 orc priests
  4 hell rats (Lair:5)
  11 worker ants
  5 iguanas
  12 orc wizards
  2 hound zombies (D:9)
  A hound skeleton (D:5)
  4 mummies (D:15)
  A howler monkey skeleton (D:9)
  11 gnolls
  11 adders
  5 shadow imps
  5 oozes
  An adder skeleton (D:8)
  5 worms
  3 dart slugs
  4 leopard geckos
  64 orcs
  7 bats
  2 giant cockroaches
  10 goblins
  10 hobgoblins
  15 jackals
  3 quokkas
  2 ball pythons
  6 frilled lizards
  22 kobolds
  5 rats
  A fungus (Lair:5)
  6 plants (Lair:6)
846 creatures vanquished.

Vanquished Creatures (others)
  A swamp dragon (Swamp:4)
  A wraith (Swamp:3)
  A steam dragon (Swamp:4)
  4 swamp drakes (Swamp:4)
  26 fungi
  21 plants
  A withered plant (Swamp:3)
55 creatures vanquished.

Grand Total: 901 creatures vanquished

Notes
Turn   | Place    | Note
-------+----------+-------------------------------------------
     0 | D:1      | izoki the Demonspawn Fighter began the quest for the Orb.
     0 | D:1      | Reached XP level 1. HP: 18/18 MP: 1/1
   420 | D:1      | Gained mutation: You have sharp toenails. [demonic
                  | ancestry]
   420 | D:1      | Reached XP level 2. HP: 22/24 MP: 2/2
  1516 | D:2      | Gained mutation: You sometimes gain a little power by
                  | taking damage. [demonic ancestry]
  1516 | D:2      | Reached XP level 3. HP: 27/29 MP: 3/3
  1679 | D:2      | Found a sparkling altar of Nemelex Xobeh.
  2240 | D:2      | Reached XP level 4. HP: 33/35 MP: 4/4
  2288 | D:2      | Found a sacrificial altar of Ru.
  2288 | D:2      | Found an opulent altar of Gozag.
  2405 | D:2      | Found a glowing golden altar of the Shining One.
  2747 | D:3      | Found a runed door.
  2979 | D:3      | Found a stormy altar of Qazlal.
  3139 | D:4      | Reached XP level 5. HP: 18/41 MP: 3/5
  3411 | D:3      | Noticed Crazy Yiuf
  3419 | D:3      | Killed Crazy Yiuf
  3587 | D:4      | Reached skill level 5 in Axes
  3587 | D:4      | Reached skill level 1 in Evocations
  3695 | D:4      | Gained mutation: You have sharp fingernails. [demonic
                  | ancestry]
  3695 | D:4      | Reached XP level 6. HP: 47/47 MP: 7/7
  4101 | D:4      | Noticed Eustachio
  4103 | D:4      | Reached XP level 7. HP: 52/52 MP: 9/9
  4165 | D:5      | Entered Level 5 of the Dungeon
  4458 | D:5      | Found a glowing silver altar of Zin.
  5152 | D:6      | Found an iron altar of Okawaru.
  5403 | D:6      | Found a glowing golden altar of the Shining One.
  5450 | D:6      | Reached skill level 5 in Evocations
  5468 | D:6      | Noticed Menkaure
  5880 | D:6      | Killed Menkaure
  5880 | D:6      | Reached XP level 8. HP: 24/58 MP: 10/12
  6140 | D:6      | Found an ornate altar of the Wu Jian Council.
  6144 | D:6      | Found a basalt altar of Yredelemnul.
  6148 | D:6      | Found an ancient bone altar of Kikubaaqudgha.
  6148 | D:6      | Found a snail-covered altar of Cheibriados.
  6153 | D:6      | Found a white marble altar of Elyvilon.
  6228 | D:7      | Noticed a hippogriff
  6247 | D:6      | Killed a hippogriff
  6474 | D:7      | Reached skill level 1 in Short Blades
  6890 | D:7      | Noticed a hippogriff
  6919 | D:7      | Killed a hippogriff
  7237 | D:7      | Gained mutation: You have razor-sharp toenails. [demonic
                  | ancestry]
  7237 | D:7      | Reached XP level 9. HP: 63/63 MP: 13/13
  7573 | D:7      | Reached skill level 5 in Short Blades
  7600 | D:7      | Found a staircase to the Ecumenical Temple.
  7606 | Temple   | Entered the Ecumenical Temple
  7811 | Temple   | Became a worshipper of Warmaster Okawaru
  8249 | D:8      | Found a shadowy altar of Dithmenos.
  8276 | D:8      | Reached * piety under Okawaru
  8624 | D:8      | Noticed a two-headed ogre
  8704 | D:8      | Killed a two-headed ogre
  8704 | D:8      | Reached ** piety under Okawaru
  8798 | D:8      | Reached skill level 3 in Shields
  8798 | D:8      | Gained mutation: You are immune to rotting. [demonic
                  | ancestry]
  8798 | D:8      | Reached XP level 10. HP: 34/70 MP: 6/14
  9236 | D:9      | Reached skill level 4 in Shields
  9276 | D:9      | Noticed a two-headed ogre
  9755 | D:9      | Killed a two-headed ogre
  9755 | D:9      | Reached *** piety under Okawaru
  9755 | D:9      | Reached skill level 5 in Shields
  9883 | D:9      | Reached skill level 10 in Short Blades
 10045 | D:9      | Found a staircase to the Lair.
 10603 | D:10     | Entered Level 10 of the Dungeon
 10751 | D:10     | Found a flagged portal.
 10756 | Bailey   | Entered a bailey
 10762 | Bailey   | Noticed an orc warlord
 10873 | Bailey   | Reached skill level 6 in Shields
 10919 | Bailey   | Found a runed gate.
 10921 | Bailey   | Found a runed gate.
 10923 | Bailey   | Found a runed gate.
 10959 | Bailey   | Reached **** piety under Okawaru
 11242 | Bailey   | Killed an orc warlord
 11242 | Bailey   | Gained mutation: You have claws for feet. [demonic
                  | ancestry]
 11242 | Bailey   | Reached XP level 11. HP: 44/75 MP: 9/15
 11706 | D:10     | Noticed Psyche
 11711 | D:10     | Killed Psyche
 11711 | D:10     | Reached skill level 7 in Shields
 12064 | D:11     | Noticed a brown ugly thing
 12079 | D:10     | Killed a brown ugly thing
 12234 | D:11     | Reached ***** piety under Okawaru
 12596 | D:11     | Found a staircase to the Orcish Mines.
 12623 | D:11     | Killed an unseen horror
 12623 | D:11     | Reached skill level 8 in Shields
 12902 | D:11     | Noticed Josephine
 13936 | D:12     | Noticed a red ugly thing
 13951 | D:12     | Killed a red ugly thing
 13990 | D:12     | Got an ichor-stained war axe
 13991 | D:12     | Identified the +2 war axe of Conformity {drain, rF+ rC+
                  | rN+} (You found it on level 12 of the Dungeon)
 14037 | D:12     | Noticed a two-headed ogre
 14067 | D:12     | Killed a two-headed ogre
 14089 | D:12     | Killed an unseen horror
 14089 | D:12     | Received a gift from Okawaru
 14089 | D:12     | Reached skill level 9 in Shields
 14338 | D:12     | Reached XP level 12. HP: 80/81 MP: 16/16
 14339 | D:12     | Gained mutation: You have a pair of small antennae on your
                  | head. [demonic ancestry]
 14339 | D:12     | Reached XP level 13. HP: 86/86 MP: 16/20
 14466 | D:12     | Learned a level 2 spell: Slow
 15801 | Lair:1   | Entered Level 1 of the Lair of Beasts
 15832 | Lair:1   | Gained mutation: You may emit foul miasma when damaged in
                  | melee. [demonic ancestry]
 15832 | Lair:1   | Reached XP level 14. HP: 93/93 MP: 21/21
 16435 | Lair:1   | Reached ****** piety under Okawaru
 16888 | Lair:1   | Reached skill level 1 in Maces & Flails
 16892 | Lair:1   | Reached skill level 10 in Shields
 17489 | D:13     | Noticed Urug
 17520 | D:13     | Killed Urug
 18510 | Lair:1   | Received a gift from Okawaru
 18722 | Lair:1   | Reached skill level 1 in Invocations
 19368 | Lair:2   | Received a gift from Okawaru
 19498 | Lair:2   | Found a staircase to the Swamp.
 20184 | Lair:3   | Found a hole to the Spider Nest.
 20990 | Lair:4   | Reached skill level 11 in Shields
 20990 | Lair:4   | Reached skill level 5 in Invocations
 21423 | Lair:4   | You fall through a shaft for 2 floors!
 21423 | Lair:6   | Entered Level 6 of the Lair of Beasts
 21676 | Lair:6   | Received a gift from Okawaru
 21909 | Lair:6   | Found a frozen archway.
 22026 | IceCv    | Entered an ice cave
 22948 | IceCv    | Reached skill level 12 in Shields
 23469 | Lair:6   | Reached skill level 10 in Axes
 23787 | Lair:4   | Noticed Snorg
 23809 | Lair:4   | Killed Snorg
 23809 | Lair:4   | Received a gift from Okawaru
 23809 | Lair:4   | Gained mutation: You have very sharp fingernails. [demonic
                  | ancestry]
 23809 | Lair:4   | Reached XP level 15. HP: 53/98 MP: 13/22
 24971 | Lair:5   | Found a viscous altar of Jiyva.
 25203 | Lair:5   | Found a staircase to the Slime Pits.
 26520 | Lair:5   | Learned a level 8 spell: Controlled Blink
 26524 | Lair:5   | Learned a level 3 spell: Inner Flame
 27186 | Lair:6   | Reached skill level 13 in Shields
 28774 | Orc:1    | Entered Level 1 of the Orcish Mines
 29419 | Orc:2    | Entered Level 2 of the Orcish Mines
 29429 | Orc:2    | Noticed an orc warlord
 29800 | D:13     | Received a gift from Okawaru
 29803 | D:13     | Got a slimy shield {god gift}
 29814 | D:13     | Identified the +0 shield of Okawaru's Whim {rF- rCorr
                  | Dex+3} (Okawaru gifted it to you on level 13 of the
                  | Dungeon)
 31028 | D:13     | Identified a scroll of acquirement
 32971 | D:13     | Reached skill level 14 in Shields
 33239 | D:14     | Found a gate to the Vaults.
 34970 | D:14     | Gained mutation: You sometimes gain power by taking damage.
                  | [demonic ancestry]
 34970 | D:14     | Reached XP level 16. HP: 96/104 MP: 23/23
 35114 | D:15     | Entered Level 15 of the Dungeon
 35179 | D:15     | Found a labyrinth entrance.
 35211 | D:15     | Received a gift from Okawaru
 35394 | Lab      | Entered a labyrinth
 40126 | Swamp:1  | Entered Level 1 of the Swamp
 40127 | Swamp:1  | You fall through a shaft!
 40313 | Swamp:1  | Received a gift from Okawaru
 40314 | Swamp:1  | Got a polished demon trident {god gift}
 40401 | Swamp:1  | Identified the +8 demon trident "Zoig" {pierce, +Blink rC+
                  | Dex+4} (Okawaru gifted it to you on level 1 of the Swamp)
 40426 | Swamp:1  | Reached skill level 15 in Shields
 40444 | Swamp:1  | Reached skill level 1 in Polearms
 42065 | Swamp:2  | Reached skill level 5 in Polearms
 43337 | Swamp:3  | Reached skill level 10 in Evocations
 43650 | Swamp:3  | Received a gift from Okawaru
 43654 | Swamp:3  | Got a warped short sword {god gift}
 43656 | Swamp:3  | Identified the +7 short sword of Havoc {antimagic, rPois}
                  | (Okawaru gifted it to you on level 3 of the Swamp)
 44639 | Swamp:3  | Reached skill level 5 in Fighting
 44642 | Swamp:3  | Reached XP level 17. HP: 115/115 MP: 24/24
 45065 | Swamp:4  | Entered Level 4 of the Swamp
 45133 | Swamp:4  | HP: 5/115 [five-headed hydra (7)]
 45135 | Swamp:4  | Killed from afar by a fire dragon

Skill      XL: |  1  2  3  4  5  6  7  8  9 10 11 12 13 14 15 16 17 |
---------------+----------------------------------------------------+-----
Axes           | 2 3 4 5 7 8 10 12 13 | 13.5
Armour         | 3 4 |  4.0
Evocations     | 1 3 5 6 9 10 | 10.4
Short Blades   | 4 9 10 11 | 11.8
Shields        | 3 6 9 12 14 15 | 15.0
Hexes          | 7 |  7.7
Maces & Flails | 1 |  1.1
Invocations    | 8 |  8.4
Polearms       | 7 |  7.5
Fighting       | 5 |  5.4
Dodging        | |  0.3

Action                   |  1- 3 |  4- 6 |  7- 9 | 10-12 | 13-15 | 16-18 || total
-------------------------+-------+-------+-------+-------+-------+-------++-------
Melee: War axe           |   102 |    44 |       |    48 |  1715 |   303 ||  2212
       Kick              |    18 |    46 |   121 |   152 |   667 |   382 ||  1386
       Mace              |       |   159 |   228 |       |    44 |       ||   431
       Cutlass           |       |       |   220 |   430 |       |       ||   650
       Demon trident     |       |       |       |       |       |   553 ||   553
Throw: Tomahawk          |       |       |       |    16 |     4 |       ||    20
Invok: Heroism           |       |       |       |     1 |     1 |     2 ||     4
       Finesse           |       |       |       |       |     1 |     2 ||     3
Evoke: Wand              |       |       |     4 |    11 |    15 |    15 ||    45
       Fan of gales      |       |       |       |       |     1 |       ||     1
       Lightning rod     |       |       |       |       |     1 |       ||     1
       Phantom mirror    |       |       |       |       |     1 |       ||     1
  Use: Scroll            |       |     8 |    13 |    11 |    14 |    11 ||    57
       Potion            |       |     2 |     7 |     8 |     6 |    10 ||    33
 Stab: Sleeping          |       |     1 |       |       |       |       ||     1
       Invisible         |       |       |     3 |     1 |       |       ||     4
       Paralysed         |       |       |       |       |     7 |       ||     7
  Eat: Ration            |     1 |       |     4 |     3 |    14 |     9 ||    31
       Chunk             |       |     7 |     6 |    12 |    19 |     3 ||    47
Armor: Scale mail        |    52 |   107 |   208 |     2 |       |       ||   369
       Plate armour      |       |       |       |    65 |       |       ||    65
       Chain mail        |       |       |       |   159 |   798 |   307 ||  1264
       Skin              |       |       |       |       |       |     2 ||     2
Dodge: Dodged            |    31 |    63 |   108 |    64 |   375 |   163 ||   804
Block: Shield            |    45 |    96 |   192 |   256 |  1335 |   688 ||  2612
       Reflection        |       |       |       |       |       |    14 ||    14
